IL
FRESNO GRIZZLIES @ COLUMBUS CLIPPERS
05/15/2048
 
TOP OF THE 1ST
Fresno Grizzlies batting - Pitching for Columbus Clippers : RHP Fred Huber
Pitching: RHP Fred Huber
Batting: RHB Mark Cahill 0-0: Swinging Strike
0-1: Swinging Strike
0-2: Strikes out swinging
Batting: RHB Ramon Castellon 0-0: Called Strike
0-1: SOLO HOME RUN (Flyball, 89XD, EV 109.4 MPH), Distance : 395 ft
Batting: RHB Elijah Hunter 0-0: Called Strike
0-1: SINGLE (Line Drive, 78M, EV 100.6 MPH)
Batting: RHB Bruce Bermudez 0-0: Called Strike
0-1: Ball
1-1: Ball
2-1: Called Strike
2-2: Fly out, F8 (Flyball, 8LXD, EV 101.2 MPH)
Batting: RHB Marty King 0-0: Called Strike
Elijah Hunter is caught stealing 2nd base 2-4
Top of the 1st over - 1 run, 2 hits, 0 errors, 0 left on base; Fresno 1 - Columbus 0
BOTTOM OF THE 1ST
Columbus Clippers batting - Pitching for Fresno Grizzlies : LHP Jimmy Edlin
Pitching: LHP Jimmy Edlin
Batting: RHB Jason Sher 0-0: Ball
1-0: Ground out 5-3 (Groundball, 56, EV 90.0 MPH)
Batting: LHB Jesus Lozano 0-0: Bunt missed!
0-1: Ball
1-1: Ball
2-1: Ball
3-1: Foul Ball, location: 2F
3-2: SINGLE (Line Drive, 7S, EV 102.5 MPH)
Batting: RHB Hiroshige Yamada 0-0: Called Strike
Jesus Lozano steals 2nd base (no throw)
0-1: Ball
1-1: Foul Ball, location: 2F
1-2: Fly out, F7 (Flyball, 78M, EV 90.6 MPH)
Batting: LHB Costodio Varino 0-0: Called Strike
0-1: Ball
1-1: Ball
2-1: Called Strike
2-2: Ball
3-2: Strikes out swinging
Bottom of the 1st over - 0 runs, 1 hit, 0 errors, 1 left on base; Fresno 1 - Columbus 0
TOP OF THE 2ND
Fresno Grizzlies batting - Pitching for Columbus Clippers : RHP Fred Huber
Batting: RHB Marty King 0-0: Fly out, F9 (Flyball, 9, EV 92.5 MPH)
Batting: RHB Nick Deegan 0-0: Foul Ball, location: 2F
0-1: Ball
1-1: Foul Ball, location: 2F
1-2: SOLO HOME RUN (Line Drive, 78XD, EV 101.2 MPH), Distance : 398 ft
Batting: RHB Xavier Castaneda 0-0: Called Strike
0-1: Ball
1-1: Foul Ball, location: 2F
1-2: Ball
2-2: Ground out 4-3 (Groundball, 4M, EV 83.8 MPH)
Batting: LHB Kelvin Jones 0-0: Ball
1-0: Ground out U3 (Groundball, 3, EV 89.4 MPH)
Top of the 2nd over - 1 run, 1 hit, 0 errors, 0 left on base; Fresno 2 - Columbus 0
BOTTOM OF THE 2ND
Columbus Clippers batting - Pitching for Fresno Grizzlies : LHP Jimmy Edlin
Batting: RHB Eddie LaRose 0-0: Ball
1-0: Ball
2-0: Called Strike
2-1: Ground out U3 (Groundball, 3S, EV 91.2 MPH)
Batting: LHB Corey Trevor 0-0: Called Strike
0-1: Ball
1-1: Ball
2-1: Called Strike
2-2: SOLO HOME RUN (Flyball, 9LD, EV 95.0 MPH), Distance : 387 ft
Batting: RHB Chang-wei Jiang 0-0: Ball
1-0: Ball
2-0: Ball
3-0: Base on Balls
Batting: LHB Robert Watson 0-0: Ball
1-0: Foul Ball, location: 2F
1-1: Called Strike
1-2: Foul Ball, location: 2F
1-2: Grounds into double play, 4-6-3 (Groundball, 34, EV 92.5 MPH)
Bottom of the 2nd over - 1 run, 1 hit, 0 errors, 0 left on base; Fresno 2 - Columbus 1
TOP OF THE 3RD
Fresno Grizzlies batting - Pitching for Columbus Clippers : RHP Fred Huber
Batting: SHB Danny Jensen 0-0: Foul Ball, location: 2F
0-1: Ball
1-1: Ball
2-1: Foul Ball, location: 2F
2-2: Ground out U3 (Groundball, 34, EV 104.4 MPH)
Batting: RHB Mark Cahill 0-0: Foul Ball, location: 2F
0-1: Ball
1-1: Swinging Strike
1-2: Foul Ball, location: 2F
1-2: Foul Ball, location: 2F
1-2: Ball
2-2: Ball
3-2: SINGLE (Line Drive, 8LS, EV 100.6 MPH)
Batting: RHB Ramon Castellon 0-0: Ball
1-0: Fly out, F4 (Popup, 4M, EV 54.4 MPH)
Batting: RHB Elijah Hunter 0-0: Swinging Strike
0-1: Swinging Strike
0-2: Ball
1-2: Ball
Mark Cahill is caught stealing 2nd base 2-4
Top of the 3rd over - 0 runs, 1 hit, 0 errors, 0 left on base; Fresno 2 - Columbus 1
BOTTOM OF THE 3RD
Columbus Clippers batting - Pitching for Fresno Grizzlies : LHP Jimmy Edlin
Batting: LHB Jack Bell 0-0: Ball
1-0: Ball
2-0: Ball
3-0: Foul Ball, location: 2F
3-1: Ground out 6-3 (Groundball, 6, EV 82.5 MPH)
Batting: RHB Jason Sher 0-0: Foul Ball, location: 2F
0-1: Ball
1-1: Swinging Strike
1-2: Foul Ball, location: 2F
1-2: Ball
2-2: Strikes out swinging
Batting: LHB Jesus Lozano 0-0: Ball
1-0: Called Strike
1-1: SINGLE (Flyball, 78S, EV 91.2 MPH)
Batting: RHB Hiroshige Yamada 0-0: Ball
Jesus Lozano is caught stealing 2nd base 2-4
Bottom of the 3rd over - 0 runs, 1 hit, 0 errors, 0 left on base; Fresno 2 - Columbus 1
TOP OF THE 4TH
Fresno Grizzlies batting - Pitching for Columbus Clippers : RHP Fred Huber
Batting: RHB Elijah Hunter 0-0: Ball
1-0: Called Strike
1-1: Ball
2-1: Ball
3-1: SINGLE (Groundball, 6MD, EV 93.8 MPH)
Batting: RHB Bruce Bermudez 0-0: Called Strike
0-1: Ball
1-1: Ball
2-1: Foul Ball, location: 2F
2-2: Fly out, F8 (Flyball, 8RD, EV 91.2 MPH)
Batting: RHB Marty King 0-0: Called Strike
0-1: TRIPLE (Flyball, 9LD, EV 103.8 MPH)
Elijah Hunter scores
Batting: RHB Nick Deegan 0-0: SINGLE (Groundball, 6MD, EV 96.9 MPH)
Marty King scores
Batting: RHB Xavier Castaneda 0-0: Ball
1-0: Called Strike
1-1: SINGLE (Groundball, 34, EV 103.1 MPH) (infield hit)
Nick Deegan to second
Batting: LHB Kelvin Jones 0-0: Ball
1-0: Ball
2-0: Fly out, F7 (Flyball, 78D, EV 76.2 MPH)
Batting: SHB Danny Jensen 0-0: SINGLE (Groundball, 34D, EV 108.1 MPH)
Nick Deegan to third
Xavier Castaneda to second
Runner from 3rd tries for Home, SAFE, throw by RF to home
Pitching: RHP Kensaku Shiba
Batting: RHB Mark Cahill 0-0: Foul Ball, location: 2F
0-1: Foul Ball, location: 2F
0-2: Ground out 6-3 (Groundball, 56D, EV 104.4 MPH)
Top of the 4th over - 3 runs, 5 hits, 0 errors, 2 left on base; Fresno 5 - Columbus 1
BOTTOM OF THE 4TH
Columbus Clippers batting - Pitching for Fresno Grizzlies : LHP Jimmy Edlin
Batting: RHB Hiroshige Yamada 0-0: Called Strike
0-1: Ground out 5-3 (Groundball, 56, EV 84.4 MPH)
Batting: LHB Costodio Varino 0-0: Ground out 4-3 (Groundball, 13, EV 86.9 MPH)
Batting: RHB Eddie LaRose 0-0: SOLO HOME RUN (Flyball, 89XD, EV 100.6 MPH), Distance : 411 ft
Batting: LHB Corey Trevor 0-0: Foul Ball, location: 2F
0-1: Foul Ball, location: 2F
0-2: Foul Ball, location: 2F
0-2: Ball
1-2: Ground out 5-3 (Groundball, 56, EV 83.1 MPH)
Bottom of the 4th over - 1 run, 1 hit, 0 errors, 0 left on base; Fresno 5 - Columbus 2
TOP OF THE 5TH
Fresno Grizzlies batting - Pitching for Columbus Clippers : RHP Kensaku Shiba
Batting: RHB Ramon Castellon 0-0: Called Strike
0-1: Swinging Strike
0-2: Ball
1-2: Strikes out swinging
Batting: RHB Elijah Hunter 0-0: Fly out, F7 (Flyball, 7, EV 94.4 MPH)
Batting: RHB Bruce Bermudez 0-0: Ball
1-0: Ball
2-0: Foul Ball, location: 2F
2-1: Foul Ball, location: 2F
2-2: Foul Ball, location: 2F
2-2: Strikes out looking
Top of the 5th over - 0 runs, 0 hits, 0 errors, 0 left on base; Fresno 5 - Columbus 2
BOTTOM OF THE 5TH
Columbus Clippers batting - Pitching for Fresno Grizzlies : LHP Jimmy Edlin
Batting: RHB Chang-wei Jiang 0-0: Reached on error, E6 (Groundball, 6, EV 82.5 MPH)
Batting: LHB Robert Watson 0-0: Ball
1-0: Called Strike
1-1: Ball
2-1: Ball
3-1: Ground out 4-3 (Groundball, 34, EV 86.9 MPH)
Chang-wei Jiang to third
Batting: LHB Jack Bell 0-0: Called Strike
0-1: Ball
1-1: Ball
2-1: Swinging Strike
2-2: Foul Ball, location: 2F
2-2: Foul Ball, location: 2F
2-2: Foul Ball, location: 2F
2-2: Strikes out looking
Batting: RHB Jason Sher 0-0: Fly out, F8 (Flyball, 8RS, EV 84.4 MPH)
Bottom of the 5th over - 0 runs, 0 hits, 1 error, 1 left on base; Fresno 5 - Columbus 2
TOP OF THE 6TH
Fresno Grizzlies batting - Pitching for Columbus Clippers : RHP Kensaku Shiba
Batting: RHB Marty King 0-0: Called Strike
0-1: Ball
1-1: Foul Ball, location: 2F
1-2: Ground out 5-3 (Groundball, 56, EV 103.1 MPH)
Batting: RHB Nick Deegan 0-0: Called Strike
0-1: Ground out 4-3 (Groundball, 4, EV 82.5 MPH)
Batting: RHB Xavier Castaneda 0-0: Called Strike
0-1: Ball
1-1: Ground out 5-3 (Groundball, 56, EV 80.0 MPH)
Top of the 6th over - 0 runs, 0 hits, 0 errors, 0 left on base; Fresno 5 - Columbus 2
BOTTOM OF THE 6TH
Columbus Clippers batting - Pitching for Fresno Grizzlies : LHP Jimmy Edlin
Batting: LHB Jesus Lozano 0-0: Ball
1-0: Swinging Strike
1-1: Called Strike
1-2: SINGLE (Line Drive, 9S, EV 92.5 MPH)
Batting: RHB Hiroshige Yamada 0-0: Ball
Jesus Lozano steals 2nd base
1-0: Foul Ball, location: 2F
1-1: Ball
2-1: Ball
3-1: Foul Ball, location: 2F
3-2: Foul Ball, location: 2F
3-2: Foul Ball, location: 2F
3-2: Base on Balls
Batting: LHB Costodio Varino 0-0: Ball
1-0: Ball
2-0: Ball
3-0: Called Strike
3-1: Called Strike
3-2: Fielders Choice at 2nd, 3-6 (Groundball, 34, EV 104.4 MPH)
Jesus Lozano to third
Batting: RHB Eddie LaRose 0-0: Called Strike
0-1: Swinging Strike
0-2: Ball
1-2: Ball
2-2: Ball
3-2: SINGLE (Line Drive, 8RS, EV 93.8 MPH)
Jesus Lozano scores
Costodio Varino to second
Runner from 2nd tries for 3rd, SAFE, throw by CF made to third
Pitching: RHP David Toellner
Batting: LHB Corey Trevor 0-0: Called Strike
0-1: Ball
1-1: Called Strike
1-2: Strikes out swinging
Pinch Hitting: LHB Gabe White 0-0: Ball
1-0: Ball
2-0: Swinging Strike
2-1: Swinging Strike
2-2: Strikes out swinging
Bottom of the 6th over - 1 run, 2 hits, 0 errors, 2 left on base; Fresno 5 - Columbus 3
TOP OF THE 7TH
Fresno Grizzlies batting - Pitching for Columbus Clippers : RHP Kensaku Shiba
Now at 3B: Justin Barker
Batting: LHB Kelvin Jones 0-0: Ball
1-0: Swinging Strike
1-1: Foul Ball, location: 2F
1-2: Ball
2-2: Ball
3-2: Foul Ball, location: 2F
3-2: Foul Ball, location: 2F
3-2: Foul Ball, location: 2F
3-2: Ground out 6-3 (Groundball, 6, EV 108.8 MPH)
Batting: SHB Danny Jensen 0-0: Ball
1-0: Called Strike
1-1: Ball
2-1: Ball
3-1: Base on Balls
Batting: RHB Mark Cahill 0-0: Ground out 4-3 (Groundball, 34, EV 101.2 MPH)
Danny Jensen to second
Batting: RHB Ramon Castellon 0-0: Called Strike
0-1: Fly out, F9 (Line Drive, 9S, EV 86.2 MPH)
Top of the 7th over - 0 runs, 0 hits, 0 errors, 1 left on base; Fresno 5 - Columbus 3
BOTTOM OF THE 7TH
Columbus Clippers batting - Pitching for Fresno Grizzlies : RHP David Toellner
Batting: LHB Robert Watson 0-0: Ground out 4-3 (Groundball, 34, EV 78.8 MPH)
Batting: LHB Jack Bell 0-0: Ball
1-0: Fly out, F7 (Flyball, 7LD, EV 98.1 MPH)
Pinch Hitting: LHB Tyler Babbitt 0-0: Ball
1-0: Ball
2-0: Called Strike
2-1: Ball
3-1: DOUBLE (Line Drive, 7LS, EV 113.1 MPH)
Batting: LHB Jesus Lozano 0-0: Called Strike
0-1: Called Strike
0-2: Ball
1-2: Ball
2-2: Foul Ball, location: 2F
2-2: Foul Ball, location: 2F
2-2: Ball
3-2: Foul Ball, location: 2F
3-2: Foul Ball, location: 2F
3-2: Foul Ball, location: 2F
3-2: Strikes out swinging
Bottom of the 7th over - 0 runs, 1 hit, 0 errors, 1 left on base; Fresno 5 - Columbus 3
TOP OF THE 8TH
Fresno Grizzlies batting - Pitching for Columbus Clippers : RHP Kensaku Shiba
Pitching: RHP Andy Coats
Now at SS: Scott Scott
Batting: RHB Elijah Hunter 0-0: Ball
1-0: Called Strike
1-1: Ball
2-1: Fly out, F8 (Flyball, 78S, EV 92.5 MPH)
Batting: RHB Bruce Bermudez 0-0: Called Strike
0-1: Called Strike
0-2: Ball
1-2: Ball
2-2: Foul Ball, location: 2F
2-2: Ball
3-2: Base on Balls
Batting: RHB Marty King 0-0: Called Strike
0-1: Ball
1-1: Swinging Strike
1-2: Ball
2-2: Foul Ball, location: 2F
2-2: Strikes out swinging
Batting: RHB Nick Deegan 0-0: Called Strike
0-1: Ground out 4-3 (Groundball, 4, EV 86.9 MPH)
Top of the 8th over - 0 runs, 0 hits, 0 errors, 1 left on base; Fresno 5 - Columbus 3
BOTTOM OF THE 8TH
Columbus Clippers batting - Pitching for Fresno Grizzlies : RHP David Toellner
Batting: RHB Hiroshige Yamada 0-0: Swinging Strike
0-1: Ball
1-1: Swinging Strike
1-2: Ball
2-2: Strikes out looking
Pitching: LHP Mike Cobb
Batting: RHB Josh Hoeye 0-0: Called Strike
0-1: Called Strike
0-2: Ball
1-2: Strikes out looking
Pitching: RHP Bill Garcia
Pinch Hitting: LHB Stu Sornson 0-0: Called Strike
0-1: Ball
1-1: Ball
2-1: Ball
3-1: Base on Balls
Pitching: RHP Jordan Tejeda
Batting: LHB Corey Trevor 0-0: Ball
1-0: Called Strike
1-1: Called Strike
1-2: Ball
2-2: Strikes out swinging
Bottom of the 8th over - 0 runs, 0 hits, 0 errors, 1 left on base; Fresno 5 - Columbus 3
TOP OF THE 9TH
Fresno Grizzlies batting - Pitching for Columbus Clippers : RHP Andy Coats
Now at 1B: Dan Hill
Batting: RHB Xavier Castaneda 0-0: Ball
1-0: Ball
2-0: Reached on error, E5 (Groundball, 56S, EV 65.6 MPH)
Batting: LHB Kelvin Jones 0-0: Intentional Walk
Batting: SHB Danny Jensen 0-0: Ball
1-0: Foul Ball, location: 2F
1-1: Called Strike
1-2: Ball
2-2: Strikes out swinging
Batting: RHB Mark Cahill 0-0: Ball
1-0: Foul Ball, location: 2F
1-1: Fly out, F3 (Popup, 23F, EV 91.2 MPH)
Batting: RHB Ramon Castellon 0-0: Ball
1-0: Called Strike
1-1: Swinging Strike
1-2: Ball
2-2: Foul Ball, location: 2F
2-2: Ball
3-2: Foul Ball, location: 2F
3-2: SINGLE (Groundball, 56D, EV 106.2 MPH)
Xavier Castaneda to third
Kelvin Jones to second
Xavier Castaneda scores
Kelvin Jones to third
Batting: RHB Elijah Hunter 0-0: Called Strike
0-1: Called Strike
0-2: Strikes out swinging
Top of the 9th over - 1 run, 1 hit, 1 error, 2 left on base; Fresno 6 - Columbus 3
BOTTOM OF THE 9TH
Columbus Clippers batting - Pitching for Fresno Grizzlies : RHP Jordan Tejeda
Pitching: RHP Josh Holloway
Batting: LHB Justin Barker 0-0: Fly out, F8 (Flyball, 8RXD, EV 96.2 MPH)
Batting: LHB Robert Watson 0-0: Ball
1-0: Ball
2-0: Ball
3-0: Foul Ball, location: 2F
3-1: Called Strike
3-2: Foul Ball, location: 2F
3-2: Foul Ball, location: 2F
3-2: Strikes out looking
Batting: LHB Jack Bell 0-0: Ball
1-0: Ground out 3-1 (Groundball, 34S, EV 81.2 MPH)
Bottom of the 9th over - 0 runs, 0 hits, 0 errors, 0 left on base; Fresno 6 - Columbus 3
Tuesday, March 28th , 2023 - OOTP Baseball 23.10 Build 110